 Dungeon Crawl Stone Soup version 0.25.0-26-g0c896c7088 (webtiles) character file.

Game seed: 535062483077623754

48 AvylaarBelgium the Firebug (level 3, -6/19 HPs)
             Began as a Deep Elf Fire Elementalist on June 29, 2020.
             Mangled by Natasha (9 damage)
             ... on level 2 of the Dungeon on July 5, 2020.
             The game lasted 00:10:26 (2033 turns).

AvylaarBelgium the Firebug (DEFE)                   Turns: 2033, Time: 00:10:27

Health: -6/19      AC:  3    Str:  5    XL:     3   Next: 50%
Magic:  10/10      EV: 13    Int: 20    God:
Gold:   77         SH:  0    Dex: 15    Spells: 8/9 levels left

rFire    . . .     SeeInvis .   g - +0 club
rCold    . . .     Gourm    .   (no shield)
rNeg     . . .     Faith    .   a - +0 robe
rPois    +         Spirit   .   (no helmet)
rElec    .         Reflect  .   (no cloak)
rCorr    .         Harm     .   e - +0 pair of gloves (curse)
MR       .....                  (no boots)
Stlth    ++........             i - amulet of magic regeneration
HPRegen  0.06/turn              l - ring of poison resistance
MPRegen  0.37/turn              (no ring)

@: slowed, very slow
A: no striking features
a: no special abilities


You were on level 2 of the Dungeon.
You were not hungry.

You visited 1 branch of the dungeon, and saw 2 of its levels.

You collected 77 gold pieces.

Inventory:

Hand Weapons
 g - a +0 club (weapon)
Missiles
 d - 6 javelins (quivered)
 p - 5 silver boomerangs
Armour
 a - a +0 robe (worn)
 e - a cursed +0 pair of gloves (worn)
 f - a +2 pair of gloves
Jewellery
 i - an amulet of magic regeneration (around neck)
 l - a ring of poison resistance (left hand)
 n - a cursed ring of teleportation {unknown}
Scrolls
 b - 4 scrolls of identify {unknown}
 h - a scroll of fear {unknown}
 m - a scroll of noise {unknown}
 o - a scroll of remove curse {unknown}
Comestibles
 c - 3 rations
 k - 3 chunks of flesh


   Skills:
 + Level 0.2 Maces & Flails
 + Level 2.7 Dodging
 + Level 2.6 Stealth
 + Level 3.6 Spellcasting
 + Level 1.6 Conjurations
 + Level 4.1 Fire Magic


You had 8 spell levels left.
You knew the following spells:

 Your Spells              Type           Power        Failure   Level  Hunger
a - Foxfire               Conj/Fire      ###.         4%          1    None

Your spell library contained the following spells:

 Spells                   Type           Power        Failure   Level  Hunger
 Conjure Flame            Conj/Fire      ###.....     12%         3    ###....
 Inner Flame              Hex/Fire       ##......     17%         3    ###....
 Sticky Flame             Conj/Fire      ###.....     38%         4    ####...
 Fireball                 Conj/Fire      ###.......   75%         5    ######.


Dungeon Overview and Level Annotations

Branches:
Dungeon (2/15)

Altars:

Annotations:
D:1 !!
D:2 Natasha


Message History

You conjure some foxfire!
Natasha wildly gestures.
Natasha shimmers violently.
Natasha stares at you and mumbles some strange words.
The magic dart hits you.
* * * LOW HITPOINT WARNING * * *
What are your orders? t - Shout!
Orders for allies: a - Attack new target. r - Retreat! s - Stop attacking. g - Guard the area. f - Follow me.
Anything else - Cancel.
Okay, then.
Your foxfire dissipates!
Natasha closely misses you.
You hit Natasha but do no damage.
Natasha is almost dead.
Natasha extends her claws.
Natasha closely misses you. Natasha claws you!
You die...

####### ......# ......#
......#
......######################
)...............@hr.........
##.#################'#####..
...### ....r..%.# ##...#
.....=...# ##...# .........#
##...# ...#####.#
##...########.# ##
............+ #############


You could see Natasha and a rat.

Vanquished Creatures
  An adder (D:2)
  A worm (D:2)
  A dart slug (D:2)
  A leopard gecko (D:1)
  5 bats
  A giant cockroach (D:1)
  11 goblins
  3 hobgoblins (D:1)
  3 frilled lizards
  5 rats
32 creatures vanquished.

Vanquished Creatures (others)
  56 foxfires
56 creatures vanquished.

Grand Total: 88 creatures vanquished

Notes
Turn   | Place    | Note
-------+----------+-------------------------------------------
     0 | D:1      | AvylaarBelgium the Deep Elf Fire Elementalist began the
                  | quest for the Orb.
     0 | D:1      | Reached XP level 1. HP: 10/10 MP: 6/6
   283 | D:1      | Reached XP level 2. HP: 14/15 MP: 4/8
   523 | D:1      | enter
   530 | D:1      | Upgraded the game from 0.25.0-15-gac7dcb8919 to
                  | 0.25.0-26-g0c896c7088
  1482 | D:2      | Reached XP level 3. HP: 16/19 MP: 10/10
  1659 | D:2      | Reached skill level 4 in Fire Magic
  2019 | D:2      | Noticed Natasha
  2033 | D:2      | Mangled by Natasha

Illustrated notes

#....#######.....
###................
+..................
##)##'#............
##.##.#............ #+#
#.........####...##
#.###...#.#............
#.#.#...#.#...##############
#.#.#....÷)@................
#.#.#.#####...###...........
#.#...........###.#.......#.
#.#...#.##..............#.#.
#.......##..#####.#.......#.
#####.............#.##.####.
#.####........#....# #. #.#
############...# ##
#.###÷###.#### #.#.#####


Turn 523 on D:1: enter

Levels and vault maps discovered:
D:1:      dpeg_arrival_subterranean_lakeside_camping, layout_basic
D:2:      layout_basic, small_statue_intersection, tso_altar, uniq_natasha

Skill      XL: |  1  2  3 |
---------------+----------+-----
Fire Magic     | 4 |  4.1
Maces & Flails | |  0.2
Dodging        | |  2.7
Stealth        | |  2.6
Spellcasting   | |  3.6
Conjurations   | |  1.6

Action                   || total
-------------------------++-------
Melee: Unarmed           ||     4
       Club              ||    59
Throw: Javelin           ||     3
 Cast: Foxfire           ||    49
  Use: Scroll            ||     1
       Potion            ||     2
 Stab: Sleeping          ||     4
  Eat: Chunk             ||     3
Armor: Robe              ||    31
Dodge: Dodged            ||    81
